 Dungeon Crawl Stone Soup version 0.31-a0-931-g7b59d4eb97 (webtiles) character file.

Game seed: 15776018691691863575

45477 Dirtsage the Cleaver (level 14, -2/90 (108) HPs)
             Began as a Demonspawn Fighter on Oct 20, 2023.
             Was the Champion of Okawaru.
             Slain by a cane toad (5 damage)
             ... on level 5 of the Lair of Beasts.
             The game lasted 00:39:37 (17290 turns).

Dirtsage the Cleaver (Demonspawn Fighter)          Turns: 17290, Time: 00:39:38

HP:   -2/90 (108)   AC: 21    Str: 21    XL:     14   Next: 1%
MP:   22/22         EV:  6    Int:  9    God:    Okawaru [******]
Gold: 941           SH:  6    Dex: 17    Spells: 20/22 levels left

rFire   . . .        U - +2 broad axe (flame)
rCold   . . .        c - +0 buckler
rNeg    . . .        L - +1 plate armour {rPois}
rPois   +            (helmet unavailable)
rElec   .            y - +0 cloak
rCorr   .            H - +0 pair of fencer's gloves {Riposte Dex+3}
SInv    .            n - +2 pair of boots
Will    +....        (no amulet) Stlth
                     W - ring of wizardry
HPRegen 0.35/turn    Q - ring of flight
MPRegen 0.18/turn

%: wizardry (x1)
@: flying, very slightly contaminated, slowed, heavily drained, very slow
A: horns 3, molten scales 1, (demonic guardian 2), powered by pain 2
a: Renounce Religion, Heroism, Finesse, Duel


You were on level 5 of the Lair of Beasts.
You worshipped Okawaru.
Okawaru was exalted by your worship.
You visited 3 branches of the dungeon, and saw 17 of its levels.
You also visited: Ossuary.

You collected 1182 gold pieces.
You spent 241 gold pieces at shops.

Inventory:

Hand Weapons
 a - a +0 war axe
 J - a +4 battleaxe of freezing
 U - a +2 broad axe of flaming (weapon)
Missiles
 i - 4 silver javelins
 A - 2 throwing nets
 P - a curare-tipped dart
 Z - 5 boomerangs
Armour
 b - +0 swamp dragon scales
 c - a +0 buckler (worn)
 e - the +2 pair of gloves of the Sun {Contam Drain rCorr Str+9}
   (You acquired it on level 4 of the Dungeon)

   Str+9:     It affects your strength (+9).
   Contam:    It causes magical contamination when unequipped.
   rCorr:     It protects you from acid and corrosion.
   Drain:     It drains your maximum health when unequipped.
 n - a +2 pair of boots (worn)
 y - a +0 cloak (worn)
 H - the +0 pair of fencer's gloves (worn) {Riposte Dex+3}
   (Okawaru gifted it to you on level 5 of the Lair of Beasts)

   Riposte:   It allows the wearer to riposte with melee weapons, swiftly
   retaliating against missed or blocked melee attacks.
   Dex+3:     It affects your dexterity (+3).
 L - a +1 plate armour of poison resistance (worn)
Jewellery
 B - a ring of fire
 N - a ring of positive energy
 Q - a ring of flight (right hand)
 W - a ring of wizardry (left hand)
Wands
 v - a wand of iceblast (12)
 z - a wand of polymorph (11)
 D - a wand of digging (3)
 G - a wand of flame (61)
 Y - a wand of paralysis (15)
Scrolls
 g - 2 scrolls of fear
 h - 5 scrolls of revelation
 k - 3 scrolls of immolation
 o - 3 scrolls of amnesia
 p - 3 scrolls of fog
 t - 7 scrolls of teleportation
 F - 2 scrolls of brand weapon {unknown}
 I - 4 scrolls of enchant armour
 M - a scroll of enchant weapon
 O - 2 scrolls of vulnerability
 R - 4 scrolls of butterflies
 S - 2 scrolls of poison
 T - a scroll of acquirement
 X - a scroll of noise
Potions
 d - 6 potions of might
 f - a potion of lignification {unknown}
 j - 2 potions of attraction {unknown}
 l - 3 potions of heal wounds
 m - a potion of brilliance {unknown}
 q - 4 potions of curing
 r - a potion of mutation {unknown}
 s - 2 potions of haste {unknown}
 u - 2 potions of cancellation
 w - a potion of magic {unknown}
 x - a potion of degeneration {unknown}
 C - 2 potions of berserk rage
 E - a potion of enlightenment {unknown}
 K - a potion of ambrosia {unknown}
 V - 4 potions of invisibility


   Skills:
 + Level 9.4 Fighting
 * Level 13.5 Axes
 + Level 7.9 Throwing
 + Level 6.7 Armour
 + Level 6.7 Shields
 - Level 4.5 Spellcasting
 - Level 7.5 Transmutations
 + Level 10.9 Invocations


You had 20 spell levels left.
You knew the following spells:

 Your Spells              Type           Power      Damage    Failure   Level
a - Wereblood             Tmut           15%        N/A       16%         2

Your spell library contained the following spells:

 Spells                   Type           Power      Damage    Failure   Level
 Freeze                   Ice            8%         1d3       91%         1
 Blink                    Tloc           4%         N/A       97%         2
 Cigotuvi's Dreadful Rot  Necr/Pois/Air  4%         N/A       97%         2
 Scorch                   Fire           4%         2d5       97%         2
 Sublimation of Blood     Necr           2%         N/A       97%         2
 Frozen Ramparts          Ice            4%         1d1       99%         3
 Hailstorm                Conj/Ice       2%         3d3       99%         3
 Petrify                  Tmut/Erth      8%         N/A       99%         4
 Dispel Undead            Necr           2%         3d7       100%        4
 Flame Wave               Conj/Fire      2%         2d4       100%        4
 Manifold Assault         Tloc           2%         N/A       100%        4
 Passage of Golubria      Tloc           2%         N/A       100%        4
 Metabolic Englaciation   Hex/Ice        1%         N/A       100%        5
 Silence                  Hex/Air        1%         N/A       100%        5
 Lehudib's Crystal Spear  Conj/Erth      1%         10d2      100%        8
 Death Channel            Necr           Unusable   N/A       N/A         6
 Summon Cactus Giant      Summ           Unusable   N/A       N/A         6
 Summon Hydra             Summ           Unusable   N/A       N/A         7

Dungeon Overview and Level Annotations

Branches:
Dungeon (11/15)            Temple (1/1) D:6            Lair (5/5) D:9
  Swamp (0/4) Lair:2       Spider (0/4) Lair:3        Slime (0/5) Lair:4
    Orc (0/2) D:10        Ossuary (visited)

Altars:
Ashenzari
Cheibriados
Dithmenos
Fedhas
Gozag
Hepliaklqana
Kikubaaqudgha
Makhleb
Nemelex Xobeh
Okawaru
Qazlal
Ru
Sif Muna
Trog
Uskayaw
Vehumet
Wu Jian
Xom
Yredelemnul
Jiyva

Shops:
D:4 **=(   D:5 *   D:6 (   D:10 ?

Annotations:
D:11 3 runed translucent doors, exclusion: orange crystal statue


Innate Abilities, Weirdness & Mutations

You have a pair of large horns on your head.
You are partially covered in molten scales. (AC +2)
((A demonic guardian rushes to your aid.))
You sometimes gain power by taking damage.


Message History

You take 8 damage, and have 22/90 hp.
MP restored: 22 Unknown command.
Unknown command.
Unknown command.
Unknown command.
You feel better. The black mamba completely misses you.
You riposte.
You miss the black mamba. Your headbutt misses the black mamba.
The black mamba is moderately wounded.
You hit the wolf spider. You burn the wolf spider. You slash the redback!
You burn the redback. You hit the black mamba. You burn the black mamba.
You hit the cane toad. You burn the cane toad.
The black mamba bites you but does no damage.
The wolf spider hits you but does no damage.
The wolf spider barely misses you. The cane toad stings you.
The redback bites you but does no damage.
The black mamba bites you but does no damage.
The guardian serpent casts a spell at you.
You feel yourself slow down. The black mamba bites you.
* * * LOW HITPOINT WARNING * * *
You block the wolf spider's attack. The wolf spider bites you!
* * * LOW HITPOINT WARNING * * *
You take 4 damage, and have 18/90 hp.
You miss the black mamba.
The black mamba is severely wounded.
You barely miss the cane toad. You barely miss the black mamba.
You hit the wolf spider. You burn the wolf spider. You slash the redback!
You burn the redback. The black mamba bites you.
* * * LOW HITPOINT WARNING * * *
You block the black mamba's attack. The redback bites you.
* * * LOW HITPOINT WARNING * * *
The cane toad stings you but does no damage.
The wolf spider hits you!
* * * LOW HITPOINT WARNING * * *
The wolf spider bites you but does no damage.
The black mamba bites you but does no damage.
You block the black mamba's attack.
The redback bites you but does no damage.
The cane toad stings you.
You die...

P.......##...##
...#.....##...#
...###....##..##
.....###...##..#
....P..###....#####
.........###......##
......... ##..P...#
......... #..sSs.#
......... ##.S@†##
....P..## ##FS##
....## .....### #..#
.## ..... ...###
#..# ...###.... ...#
#..# ##.....#....
..... ....
..##......... ......
.... ...##........
...... .....
....##.P..... .....#
#....##.....#


You could see a wolf spider, a guardian serpent, 2 black mambas, a cane toad and
a redback.

Vanquished Creatures
  Snorg (Lair:5)
  Fannar (D:11)
  4 hydras
  A catoblepas (Lair:4)
  A two-headed ogre (D:11)
  A boulder beetle (Lair:4)
  4 death yaks (Lair:3)
  Nergalle (Lair:2)
  2 skysharks
  A swamp dragon (Lair:2)
  An oklob plant (Lair:4)
  10 elephants
  Joseph (D:9)
  3 black mambas (Lair:5)
  A torpor snail (Lair:3)
  15 cane toads
  4 kobold demonologists
  A rime drake (Lair:2)
  9 komodo dragons
  2 trolls
  2 hornets (Lair:5)
  3 polar bears
  18 blink frogs
  6 dream sheep
  Eustachio (D:6)
  12 wyverns
  38 yaks
  5 basilisks
  2 vampire mosquitoes (D:11)
  A steam dragon (D:4)
  4 redbacks
  Menkaure (D:6)
  A warg (Lair:5)
  22 water moccasins
  A hell hound (Lair:5)
  4 black bears
  An ice beast (D:7)
  4 orc warriors
  4 ogres
  3 wolves (Lair:5)
  7 centaurs
  6 kobold brigands
  11 bullfrogs
  A gnoll sergeant (D:10)
  A scorpion (D:6)
  10 wights
  3 electric eels
  A howler monkey (D:6)
  2 hounds (D:5)
  7 jellies
  4 centaur zombies (Ossuary)
  2 gnoll boudas
  5 orc priests
  6 iguanas
  A sleepcap (D:5)
  11 orc wizards
  5 mummies (Ossuary)
  Robin (D:3)
  10 gnolls
  6 adders
  3 white imps
  2 ufetubi (D:4)
  3 worms
  3 dart slugs
  38 orcs
  6 endoplasms
  4 giant cockroaches
  15 hobgoblins
  4 jackals (D:2)
  19 kobolds
  2 quokkas
  5 ball pythons
  5 bats
  4 frilled lizards
  11 goblins
  3 hobgoblin zombies (Ossuary)
  5 rats
429 creatures vanquished.

Vanquished Creatures (collateral kills)
  An adder (D:3)
1 creature vanquished.

Grand Total: 430 creatures vanquished

Notes
Turn   | Place    | Note
-------+----------+-------------------------------------------
     0 | D:1      | Dirtsage the Demonspawn Fighter began the quest for the
                  | Orb.
     0 | D:1      | Reached XP level 1. HP: 18/18 MP: 1/1
   102 | D:1      | Reached skill level 2 in Axes
   214 | D:1      | Gained mutation: You have a pair of small horns on your
                  | head. [demonic ancestry]
   214 | D:1      | Reached XP level 2. HP: 19/24 MP: 2/2
   538 | D:1      | Reached skill level 3 in Axes
   715 | D:2      | Gained mutation: You sometimes gain a little power by
                  | taking damage. [demonic ancestry]
   715 | D:2      | Reached XP level 3. HP: 12/29 MP: 3/3
  1070 | D:2      | Identified the +5 rapier of Itiuzisk {spect, *Noise Int+4}
  1421 | D:3      | Gained mutation: A weak demonic guardian rushes to your
                  | aid. [demonic ancestry]
  1421 | D:3      | Reached XP level 4. HP: 35/35 MP: 4/4
  1444 | D:3      | Reached skill level 4 in Axes
  1461 | D:3      | Noticed Robin
  1472 | D:3      | Killed Robin
  1682 | D:3      | Gained mutation: You have a pair of horns on your head.
                  | [demonic ancestry]
  1682 | D:3      | Reached XP level 5. HP: 24/41 MP: 5/5
  1846 | D:3      | Reached skill level 5 in Axes
  1985 | D:3      | You fall into a shaft and drop 1 floor!
  2321 | D:4      | Found Sily's Weapon Boutique.
  2329 | D:4      | Noticed a steam dragon
  2338 | D:4      | Killed a steam dragon
  2339 | D:4      | Reached skill level 6 in Axes
  2339 | D:4      | Gained mutation: A demonic guardian rushes to your aid.
                  | [demonic ancestry]
  2339 | D:4      | Reached XP level 6. HP: 38/47 MP: 6/6
  2437 | D:4      | Found Oboraaff's General Store.
  2443 | D:4      | Found Caseis's Lightly-Used Armoury.
  2457 | D:4      | Bought a scroll of identify for 28 gold pieces
  2457 | D:4      | Bought 3 scrolls of identify for 84 gold pieces
  2457 | D:4      | Bought a +0 cloak for 63 gold pieces
  2463 | D:4      | Identified a scroll of acquirement
  2483 | D:4      | Acquired the +2 pair of gloves of the Sun {Contam Drain
                  | rCorr Str+9}
  2753 | D:4      | Found Ogestus's Jewellery Boutique.
  2895 | D:5      | Entered Level 5 of the Dungeon
  2977 | D:5      | Reached skill level 7 in Axes
  2977 | D:5      | Reached XP level 7. HP: 40/52 MP: 7/7
  3293 | D:5      | Identified the +4 dagger "Satie" {vamp, rF+ rN+ Int+3}
  3397 | D:5      | Found Xaveutra's Fire Supplies.
  3458 | D:5      | Found a blossoming altar of Fedhas.
  3458 | D:5      | Found a bloodstained altar of Trog.
  3478 | D:5      | Found a hazy altar of Hepliaklqana.
  3479 | D:5      | Found a sparkling altar of Nemelex Xobeh.
  3479 | D:5      | Found a shimmering blue altar of Sif Muna.
  3483 | D:5      | Found an iron altar of Okawaru.
  3491 | D:5      | Became a worshipper of Warmaster Okawaru
  3626 | D:5      | Learned a level 2 spell: Wereblood
  3858 | D:6      | Noticed Menkaure
  3918 | D:6      | Reached skill level 8 in Axes
  3964 | D:6      | Reached skill level 1 in Invocations
  4050 | D:6      | Found a staircase to the Ecumenical Temple.
  4055 | D:6      | Noticed Eustachio
  4069 | D:6      | Killed Eustachio
  4070 | D:6      | Reached skill level 1 in Throwing
  4070 | D:6      | Reached skill level 1 in Transmutations
  4070 | D:6      | Gained mutation: You have a pair of large horns on your
                  | head. [demonic ancestry]
  4070 | D:6      | Reached XP level 8. HP: 30/58 MP: 7/9
  4083 | Temple   | Entered the Ecumenical Temple
  4113 | D:6      | Reached * piety under Okawaru
  4170 | D:6      | Killed Menkaure
  4583 | D:6      | Found Tivauk's Weapon Emporium.
  4837 | D:7      | Found a sand-covered staircase.
  4847 | Ossuary  | Entered an ossuary
  5068 | D:7      | Reached XP level 9. HP: 65/66 MP: 11/11
  5183 | D:7      | Reached ** piety under Okawaru
  5184 | D:7      | Reached skill level 9 in Axes
  6239 | D:8      | Reached skill level 5 in Fighting
  6625 | D:9      | Reached *** piety under Okawaru
  6626 | D:9      | Reached skill level 1 in Spellcasting
  6626 | D:9      | Reached skill level 5 in Transmutations
  6626 | D:9      | Reached skill level 5 in Invocations
  6696 | D:9      | Noticed a kobold demonologist
  6850 | D:9      | Noticed a kobold demonologist
  6854 | D:9      | Noticed an orange demon
  6859 | D:9      | Noticed a sun demon
  6865 | D:9      | Killed a kobold demonologist
  6872 | D:9      | Noticed a red devil
  6873 | D:9      | Noticed a hellwing
  6881 | D:9      | Killed a kobold demonologist
  6882 | D:9      | Gained mutation: You are partially covered in molten
                  | scales. (AC +2) [demonic ancestry]
  6882 | D:9      | Reached XP level 10. HP: 42/74 MP: 12/14
  7098 | D:9      | Noticed Joseph
  7105 | D:9      | Killed Joseph
  7347 | D:9      | Reached skill level 10 in Axes
  7498 | D:9      | Found a staircase to the Lair.
  7550 | D:10     | Entered Level 10 of the Dungeon
  7611 | D:10     | Reached **** piety under Okawaru
  7775 | D:10     | Found a staircase to the Orcish Mines.
  8031 | D:10     | Found Zyh Efyu's Magic Scroll Shoppe.
  8110 | D:10     | Bought a scroll of identify for 22 gold pieces
  8110 | D:10     | Bought a scroll of identify for 22 gold pieces
  8110 | D:10     | Bought a scroll of identify for 22 gold pieces
  8480 | D:10     | Reached ***** piety under Okawaru
  8724 | D:11     | Noticed Fannar
  8732 | D:11     | Killed Fannar
  8733 | D:11     | Reached XP level 11. HP: 80/82 MP: 13/16
  8974 | D:11     | Noticed a two-headed ogre
  8981 | D:11     | Killed a two-headed ogre
  8982 | D:11     | Reached skill level 5 in Throwing
  9257 | D:11     | Found a runed translucent door.
  9271 | D:11     | Found a runed translucent door.
  9324 | D:11     | Found a runed translucent door.
  9336 | D:11     | Found a runed translucent door.
  9658 | D:11     | Noticed an orange crystal statue
  9821 | Lair:1   | Entered Level 1 of the Lair of Beasts
  9853 | Lair:1   | Reached skill level 11 in Axes
  9924 | Lair:1   | Received a gift from Okawaru
 10604 | Lair:1   | Received a gift from Okawaru
 10761 | Lair:1   | Noticed a seven-headed hydra
 10768 | Lair:1   | Killed a nine-headed hydra
 11121 | Lair:2   | Reached XP level 12. HP: 90/91 MP: 18/18
 11358 | Lair:2   | Found a staircase to the Swamp.
 11370 | Lair:2   | Noticed Nergalle
 11378 | Lair:2   | Killed Nergalle
 11770 | Lair:2   | Received a gift from Okawaru
 12238 | Lair:3   | Reached skill level 12 in Axes
 12400 | Lair:3   | Noticed a death yak
 12400 | Lair:3   | Noticed a death yak
 12400 | Lair:3   | Noticed a death yak
 12429 | Lair:3   | Killed a death yak
 12430 | Lair:3   | Reached skill level 5 in Shields
 12434 | Lair:3   | Killed a death yak
 12435 | Lair:3   | Reached skill level 5 in Armour
 12435 | Lair:3   | Noticed a death yak
 12444 | Lair:3   | Killed a death yak
 12446 | Lair:3   | Killed a death yak
 13091 | Lair:3   | Found a hole to the Spider Nest.
 13379 | Lair:3   | Received a gift from Okawaru
 13699 | Lair:4   | Found a viscous altar of Jiyva.
 13699 | Lair:4   | Found a staircase to the Slime Pits.
 13861 | Lair:4   | Noticed a catoblepas
 13868 | Lair:4   | Killed a catoblepas
 14022 | Lair:4   | Gained mutation: You sometimes gain power by taking damage.
                  | [demonic ancestry]
 14022 | Lair:4   | Reached XP level 13. HP: 67/99 MP: 20/20
 14901 | Lair:4   | Received a gift from Okawaru
 15064 | Lair:5   | Entered Level 5 of the Lair of Beasts
 15203 | Lair:4   | Reached skill level 10 in Invocations
 15662 | Lair:5   | Reached skill level 13 in Axes
 15755 | Lair:5   | Noticed Snorg
 15770 | Lair:5   | HP: 2/100 [Snorg (11)]
 15771 | Lair:5   | Killed Snorg
 15771 | Lair:5   | Received a gift from Okawaru
 17164 | Lair:5   | Reached ****** piety under Okawaru
 17165 | Lair:5   | Acquired a +2 broad axe of flaming
 17165 | Lair:5   | Received a gift from Okawaru
 17166 | Lair:5   | Acquired the +0 pair of fencer's gloves {Riposte Dex+3}
 17166 | Lair:5   | Received a gift from Okawaru
 17166 | Lair:5   | Found the +0 pair of fencer's gloves {Riposte Dex+3}
 17222 | Lair:5   | Identified the +4 ring mail "Cuiciu" {rC+ rN+ Int+2 Stlth-}
 17288 | Lair:5   | Received a gift from Okawaru
 17289 | Lair:5   | Reached XP level 14. HP: 22/90 MP: 22/22
 17290 | Lair:5   | HP: 3/90 [wolf spider (10)]
 17290 | Lair:5   | Slain by a cane toad

Illustrated notes

Levels and vault maps discovered:
D:1:      onia_arrival_mini_maze_b, layout_rooms
D:2:      layout_basic
D:3:      layout_rooms, uniq_robin
D:4:      layout_cave_pools, serial_shops, shop, nicolae_square_shop,
          nicolae_shop_pleasant_corner_grove, minmay_shop_damaged
D:5:      layout_basic, grunt_temple_overflow_open, nicolae_shop_fire_sale
          [nicolae_sub_dead_trees], lexackson_kobold_supper
D:6:      layout_loops_cross, minmay_temple_entry_drinking_statues,
          serial_shops, nicolae_shop_behind_doors, uniq_menkaure, uniq_eustachio
D:7:      layout_rooms, lightli_ossuary_entry_decrepit_ruins
D:8:      layout_rooms
D:9:      layout_basic, david_lair_shrubbed, uniq_joseph
D:10:     layout_gridville, orc_0_dummy, serial_shops, shop
D:11:     layout_loops_ring, minmay_statue_crystal_thing, uniq_fannar
Temple:   bh_familiar_temple
Lair:1:   layout_loops_ring, grunt_megastairs_5
Lair:2:   layout_regular_city, minmay_swamp_entry_reptiles, uniq_nergalle
Lair:3:   layout_cave_pods, spider_nest_entry_webs, infiniplex_staircase_pool_2
Lair:4:   nzn_winding_woodlands_three_and_one
          [nzn_winding_woodlands_5x15_sidewinder,
          nzn_winding_woodlands_5x15_river_crossing,
          nzn_winding_woodlands_5x15_jagged,
          nzn_winding_woodlands_center_diamonds], layout_regular_city,
          nicolae_slime_entry_field_trip, lemuel_oklob_altar,
          serial_bayou_shore_b
Lair:5:   hangedman_lair_tendril_chambers, layout_regular_city,
          hangedman_lair_caniforms_friends, nicolae_quartered_pool_super,
          wad_woods_road_05, uniq_snorg

Skill      XL: |  1  2  3  4  5  6  7  8  9 10 11 12 13 |
---------------+----------------------------------------+-----
Axes           | 2 3 4 6 7 8 9 10 11 12 13 | 13.5
Invocations    | 1 3 5 6 8 9 10 | 10.9
Throwing       | 1 2 3 4 5 6 7 |  7.9
Transmutations | 1 3 5 6 7 |  7.5
Fighting       | 4 5 6 7 8 9 |  9.4
Spellcasting   | 1 3 4 |  4.5
Shields        | 4 5 6 |  6.7
Armour         | 4 5 6 |  6.7

Action                     |  1- 3 |  4- 6 |  7- 9 | 10-12 | 13-15 || total
---------------------------+-------+-------+-------+-------+-------++-------
  Melee: War axe           |    88 |   118 |   238 |       |       ||   444
         Headbutt          |     7 |    14 |    52 |    85 |    48 ||   206
         Battleaxe         |       |       |    51 |   382 |   215 ||   648
         Broad axe         |       |       |       |       |     8 ||     8
   Cast: Wereblood         |       |       |     1 |     6 |     7 ||    14
 Invoke: Heroism           |       |       |     4 |     3 |     2 ||     9
         Finesse           |       |       |       |     2 |     2 ||     4
         Receive Weapon    |       |       |       |       |     1 ||     1
         Receive Armour    |       |       |       |       |     1 ||     1
  Evoke: Wand              |       |     2 |     1 |     4 |       ||     7
    Use: Scroll            |       |     7 |     4 |     7 |     1 ||    19
         Potion            |       |       |       |     1 |     2 ||     3
 Armour: Scale mail        |    60 |    54 |       |       |       ||   114
         Chain mail        |       |    90 |   233 |       |       ||   323
         Plate armour      |       |       |    53 |   326 |    35 ||   414
         Swamp dragon scal |       |       |       |   125 |   285 ||   410
  Dodge: Dodged            |    50 |    58 |   137 |   193 |   136 ||   574
  Block: Buckler           |    17 |    36 |    46 |       |    11 ||   110
Riposte: Broad axe         |       |       |       |       |     5 ||     5

Table legend: (Time is in decaauts)
 A = Elapsed time spent in this place.
 B = Non-inter-level travel time spent in this place.
 C = Inter-level travel time spent in this place.
 D = Time resting spent in this place.
 E = Time spent auto-exploring this place.
 F = Levels seen in this place.
 G = Mean time per level.
                   A        B        C        D        E       F      G
               +--------+--------+--------+--------+--------+-----+--------+
         Total |  17424 |  16864 |    560 |   1201 |  13169 |  18 |  968.0 |
       Dungeon |   9779 |   9430 |    349 |    394 |   7629 |  11 |  889.0 |
        Temple |      1 |      1 |      0 |      0 |      0 |   1 |    1.0 |
          Lair |   7490 |   7279 |    211 |    734 |   5509 |   5 | 1498.0 |
       Ossuary |    153 |    153 |      0 |     73 |     30 |   1 |  153.0 |
               +--------+--------+--------+--------+--------+-----+--------+

Top non-repeatable levels by time:
  Lair:5: 1842 daAuts
  Lair:4: 1771 daAuts
  Lair:3: 1496 daAuts
  Lair:2: 1256 daAuts
    D:10: 1160 daAuts
  Lair:1: 1122 daAuts
    D:11: 1068 daAuts
     D:5: 993 daAuts
     D:9: 967 daAuts
     D:6: 962 daAuts
     D:8: 911 daAuts
     D:4: 824 daAuts
     D:7: 753 daAuts
     D:1: 727 daAuts
     D:2: 720 daAuts
